 Dungeon Crawl Stone Soup version 0.30-a0-924-g0ad0bf95bc (webtiles) character file.

Game seed: 6214963416244149042

419163 Sobieck the Impregnable (level 22, -16/241 HPs)
             Began as an Armataur Fighter on Mar 21, 2023.
             Was an Initiate of Gozag.
             Killed from afar by a frost giant (20 damage)
             ... with a bolt of cold
             ... on level 2 of the Depths on Mar 22, 2023.
             The game lasted 01:54:46 (40433 turns).

Sobieck the Impregnable (Armataur Fighter)         Turns: 40433, Time: 01:54:46

Health: -16/241    AC: 48    Str: 32    XL:     22   Next: 62%
Magic:  22/22      EV:  5    Int: 12    God:    Gozag
Gold:   343        SH: 14    Dex: 14    Spells: 21/21 levels left

rFire   + + +      SeeInvis +    a - +9 broad axe (freeze) {axe}
rCold   . . .      Faith    .    J - +0 kite shield {reflect}
rNeg    . . .      Spirit   .    i - +4 crystal plate armour {rare=g}
rPois   .          Reflect  +    F - +2 helmet of a Labyrinth {Will++}
rElec   .          Roll     +    Y - +0 cloak of Misanthropy {Int+3 Dex+4}
rCorr   .                        f - +2 pair of gloves {Dex+3}
Will    ++++.                    z - +0 barding "Xodgha Yrri" {rF++ Stlth+} Stlth
                                 u - amulet of Vitality {RegenMP++ Regen++}
HPRegen 3.00/turn                v - ring of see invisible
MPRegen 0.98/turn                c - ring of Finality {rF+ Will+ Str+2 Dex-3}

@: mighty, brilliant, flayed, gold aura, hasted, studying 2 skills, invisible,
very quick
A: large, rugged brown scales 3, deformed body, armoured tail, roll, long
tongue, awkward tongue, claws 1, clumsy 1, regeneration 1, robust 1, wild magic
1
}: 2/15 runes: serpentine, barnacled
a: Renounce Religion, Potion Petition, Call Merchant, Bribe Branch


You were on level 2 of the Depths.
You worshipped Gozag.
Gozag was aware of your devotion.
You visited 9 branches of the dungeon, and saw 40 of its levels.
You also visited: Ossuary, Bailey and Ice Cave.

You collected 19590 gold pieces.
You spent 7424 gold pieces at shops.
You paid 11823 gold pieces to Gozag.


Innate Abilities, Weirdness & Mutations

You are completely covered in rugged brown scales. (AC +3, +7% HP)
Armour fits poorly on your strangely shaped body.
You have a long armoured tail.
You roll when moving toward enemies. (Rampage)
Your long tongue fully drains potion bottles. (2x potion effects)
Your tongue gives you trouble enunciating. (1.5x scroll delay)
You have sharp fingernails.
You are clumsy. (Dex -2)
Your natural rate of healing is unusually fast.
You are robust. (+10% HP)
Your spells are a little harder to cast, but a little more powerful.


   Skills:
 + Level 19.3 Fighting
 - Level 18.0 Axes
 + Level 24.5 Armour
 - Level 5.0 Dodging
 + Level 17.2 Shields
 - Level 13.0 Evocations


You had 21 spell levels left.
You didn't know any spells.
Your spell library contained the following spells:

 Spells                   Type           Power      Damage    Failure   Level
 Apportation              Tloc           0%         N/A       97%         1
 Magic Dart               Conj           0%         1d3       97%         1
 Necrotise                Necr           0%         1d4       97%         1
 Slow                     Hex            0%         N/A       97%         1
 Sting                    Tmut/Pois      0%         1d3       97%         1
 Summon Small Mammal      Summ           0%         N/A       97%         1
 Call Imp                 Summ           0%         N/A       99%         2
 Static Discharge         Conj/Air       0%         2-2/arc   99%         2
 Call Canine Familiar     Summ           0%         N/A       100%        3
 Confusing Touch          Hex            0%         N/A       100%        3
 Hailstorm                Conj/Ice       0%         3d3       100%        3
 Ignite Poison            Fire/Tmut/Pois 0%         N/A       100%        3
 Kindle Blastsparks       Fire/Tloc/Air  0%         2d10      100%        3
 Mephitic Cloud           Conj/Pois/Air  0%         N/A       100%        3
 Portal Projectile        Hex/Tloc       0%         N/A       100%        3
 Spider Form              Tmut/Pois      0%         N/A       100%        3
 Summon Guardian Golem    Hex/Summ       0%         N/A       100%        3
 Vampiric Draining        Necr           0%         2d6       100%        3
 Vhi's Electric Charge    Tloc/Air       0%         N/A       100%        3
 Ice Form                 Ice/Tmut       0%         N/A       100%        4
 Leda's Liquefaction      Hex/Erth       0%         N/A       100%        4
 Passage of Golubria      Tloc           0%         N/A       100%        4
 Petrify                  Tmut/Erth      0%         N/A       100%        4
 Sticky Flame             Conj/Fire      0%         2d3       100%        4
 Arcjolt                  Conj/Air       0%         1d10      100%        5
 Freezing Cloud           Conj/Ice/Air   0%         6-21      100%        5
 Iskenderun's Battlesphe  Conj           0%         2d6       100%        5
 Plasma Beam              Fire/Air       0%         2x1d11    100%        5
 Silence                  Hex/Air        0%         N/A       100%        5
 Yara's Violent Unravell  Hex/Tmut       0%         3d3       100%        5
 Iron Shot                Conj/Erth      0%         9d1       100%        6
 Statue Form              Tmut/Erth      0%         N/A       100%        6
 Haunt                    Necr/Summ      0%         N/A       100%        7
 Orb of Destruction       Conj           0%         9d5       100%        7
 Spellforged Servitor     Conj/Summ      0%         N/A       100%        7
 Ignition                 Fire           0%         3d3       100%        8
 Infestation              Necr           0%         N/A       100%        8
 Lehudib's Crystal Spear  Conj/Erth      0%         10d2      100%        8
 Maxwell's Capacitive Co  Air            0%         ∞         100%        8
 Polar Vortex             Ice            0%         N/A       100%        9
 Animate Dead             Necr           Unusable   N/A       N/A         4
 Simulacrum               Ice/Necr       Unusable   N/A       N/A         6

Inventory:

Hand Weapons
 a - a +9 broad axe of freezing (weapon) {axe}
   (You took it off an orc knight on level 2 of the Orcish Mines)
Missiles
 b - 3 javelins {throwing}
 g - 4 silver javelins {throwing}
 E - 8 throwing nets {=f!fthrowing}
 I - 33 boomerangs (quivered) {throwing}
Armour
 f - a +2 pair of gloves of dexterity (worn)
   (You found it in an ice cave)
 i - a +4 crystal plate armour (worn) {rare=g}
   (You took it off a deep elf master archer on level 3 of the Elven Halls)
 z - the +0 barding "Xodgha Yrri" (worn) {rF++ Stlth+}
   (You acquired it on level 3 of the Vaults)

   rF:        It greatly protects you from fire.
   Stlth:     It makes you more stealthy.
 F - the +2 helmet of a Labyrinth (worn) {Will++}
   (You found it on level 1 of the Elven Halls)

   Will:      It greatly increases your willpower.
 J - a +0 kite shield of reflection (worn)
   (You bought it in a shop on level 1 of the Lair of Beasts)
 Y - the +0 cloak of Misanthropy (worn) {Int+3 Dex+4}
   (You found it on level 7 of the Dungeon)

   Int:       It affects your intelligence (+3).
   Dex:       It affects your dexterity (+4).
Jewellery
 c - the ring of Finality (right hand) {rF+ Will+ Str+2 Dex-3}
   (You bought it in a shop on level 1 of the Snake Pit)

   [ring of protection from fire]

   Str:       It affects your strength (+2).
   Dex:       It affects your dexterity (-3).
   rF:        It protects you from fire.
   Will:      It increases your willpower.
 e - the ring "Pesyup" {rN+ Dex+3}
   (You found it in an ice cave)

   [ring of positive energy]

   Dex:       It affects your dexterity (+3).
   rN:        It protects you from negative energy.
 u - the amulet of Vitality (around neck) {RegenMP++ Regen++}
   (You bought it in a shop on level 1 of the Snake Pit)

   [amulet of magic regeneration]

   It increases your rate of magic regeneration.
   Regen:     It increases your rate of health regeneration.
 v - a ring of see invisible (left hand)
   (You found it on level 3 of the Vaults)
 y - a ring of protection from cold
   (You found it on level 3 of the Dungeon)
 C - a +4 ring of slaying
   (You found it on level 3 of the Dungeon)
 K - a ring of poison resistance
   (You found it on level 1 of the Dungeon)
Wands
 G - a wand of quicksilver (15)
   (You found it on level 7 of the Dungeon)
 L - a wand of roots (44)
   (You took it off Psyche on level 8 of the Dungeon)
 O - a wand of digging (11)
   (You found it on level 5 of the Dungeon)
 Z - a wand of mindburst (27)
   (You found it on level 6 of the Dungeon)
Scrolls
 d - 3 scrolls of silence {!r}
 h - 8 scrolls of poison {!r}
 m - a scroll of immolation {!r!r}
 r - 12 scrolls of teleportation {@r4}
 t - 4 scrolls of magic mapping {!r}
 B - 5 scrolls of vulnerability {!r!r}
 D - 7 scrolls of fear
 H - 2 scrolls of butterflies
 N - 2 scrolls of blinking {!r}
 S - 2 scrolls of brand weapon
 W - 7 scrolls of fog
Potions
 j - 8 potions of brilliance
 l - 5 potions of attraction {!q}
 o - 5 potions of flight
 p - 24 potions of curing {@q1}
 q - 11 potions of mutation {!q}
 s - 15 potions of heal wounds {@q2}
 w - 7 potions of lignification {!q}
 x - 3 potions of resistance
 A - 4 potions of ambrosia
 M - 5 potions of berserk rage {!q}
 Q - 7 potions of cancellation
 R - 3 potions of invisibility
 T - 3 potions of haste {@q3}
 U - 6 potions of might
Miscellaneous
 k - a box of beasts
   (You bought it in a shop on level 1 of the Snake Pit)
 n - a condenser vane
   (You found it on level 3 of the Elven Halls)
 P - a tin of tremorstones (2/2) {throwing}
   (You found it on level 2 of the Depths)
 V - a phantom mirror
   (You found it on level 2 of the Vaults)
 X - a lightning rod (4/4)
   (You found it on level 2 of the Snake Pit)

Dungeon Overview and Level Annotations

Branches:
Dungeon (15/15) Zot: 24750  Temple (1/1) D:5 Zot: 5894    Lair (5/5) D:9 Zot: 24842
 Shoals (4/4) Lair:2 Zot: 20355   Snake (4/4) Lair:2 Zot: 19919   Slime (0/5) Lair:5
    Orc (2/2) D:11 Zot: 9453     Elf (3/3) Orc:2 Zot: 14805  Vaults (4/5) D:13 Zot: 18858
  Crypt (0/3) Vaults:2     Depths (2/4) D:15 Zot: 10910 Ossuary (visited)
 Bailey (visited)           IceCv (visited)

Altars:
Ashenzari
Cheibriados
Dithmenos
Elyvilon
Fedhas
Gozag
Hepliaklqana
Kikubaaqudgha
Makhleb
Nemelex Xobeh
Okawaru
Qazlal
Ru
Sif Muna
Trog
Uskayaw
Vehumet
Wu Jian
Xom
Yredelemnul
Zin
The Shining One
Jiyva

Shops:
D:6 *   Orc:2 :([:   Elf:3 =!   Lair:1 [[   Lair:3 (   Shoals:1 [
Shoals:4 !(![[   Snake:1 =*   Snake:4 [   Vaults:2 ?   Vaults:3 ?   Depths:1 [:

Portals:
Hell: Depths:1
Abyss: Orc:1
Pandemonium: Depths:2
Ziggurat: Depths:1
Trove: D:15 (give +3 ice dragon scales)

Annotations:
Lair:5 1 runed translucent door
Snake:3 1 runed translucent door, patfeehan111222's ghost, adept MiBe
Orc:1 2 transporters, holysushi's ghost, journeyman FeAr
Elf:2 3 runed translucent doors
Vaults:4 3 runed translucent doors, Konionua's ghost, adept KoEn

##.### ## ##W#### #.#
##.....## #.## ##....#..#
#..## ##....##..# .
##..###....C#...###..#
##.......##=..W....# #
#####.###"#.yD#### ##
#.....###C# .###
##......#@# .
...#######.......#####...
.......#####'#####.....#
.....#.......(.).).....#
./...#..#....#...#.....#
.....#..#)...+...#.....+
.....+..#....#...#.....#
.....#..#....#...#.....#
.....#+##....###.#.....#


You could see a golden dragon, a frost giant, a spark wasp (unable to see you)
and a flayed ghost (unable to see you).


Message History

Unknown command.
The flayed ghost cries, "Feel what I felt!"
Terrible wounds spread across more of your body!
There is an open door, spattered with blood here.
Unknown command.
The juggernaut attacks as you move away!
The juggernaut hits you!! x2
* * * LOW HITPOINT WARNING * * *
You hear an angry buzzing noise.
A spark wasp comes into view.
You hear a shout!
You hear a deafening roar!
Unknown command.
Unknown command.
You see here a +0 plate armour of fire resistance.
You see here a +4 ring of protection.
You block the juggernaut's attack. The juggernaut hits you!!
* * * LOW HITPOINT WARNING * * *
Unknown command.
The terrible wounds on your body vanish.
Unknown command.
You completely miss the juggernaut.
The juggernaut hits you but does no damage.
You block the juggernaut's attack.
You hit the juggernaut but do no damage.
You tail-slap the juggernaut.
Unknown command.
You hit the juggernaut. You freeze the juggernaut.
Unknown command.
You hit the juggernaut but do no damage.
You tail-slap the juggernaut. You slice the juggernaut!!
You freeze the juggernaut! The juggernaut hits you!!!
You block the juggernaut's attack.
You hear a deafening roar!
Unknown command.
You barely miss the juggernaut. You hit the juggernaut.
You freeze the juggernaut.
Unknown command.
You barely miss the juggernaut.
You tail-slap the juggernaut, but do no damage.
You barely miss the juggernaut. The juggernaut hits you!!
The juggernaut hits you.
Unknown command.
You slice the juggernaut!! You freeze the juggernaut.
You tail-slap the juggernaut, but do no damage.
The flayed ghost stares at you with tortured malice.
Terrible wounds open up all over your body!
You hit the juggernaut but do no damage.
A golden dragon comes into view.
Unknown command.
You slice the juggernaut!! You freeze the juggernaut.
You tail-slap the juggernaut.
The flayed ghost cries, "Feel what I felt!"
Terrible wounds spread across more of your body!
* * * LOW HITPOINT WARNING * * *
You barely miss the juggernaut.
You tail-slap the juggernaut, but do no damage.
You block the juggernaut's attack.
The juggernaut hits you but does no damage.
Unknown command.
You slice the juggernaut!! You freeze the juggernaut!
Unknown command.
You slice the juggernaut!! You freeze the juggernaut.
The flayed ghost cries, "Feel what I felt!"
Terrible wounds spread across more of your body!
* * * LOW HITPOINT WARNING * * *
You barely miss the juggernaut.
You tail-slap the juggernaut, but do no damage.
The flayed ghost cries, "Suffer as I suffered!"
Terrible wounds spread across more of your body!
* * * LOW HITPOINT WARNING * * *
The vampire knight casts a spell.
The vampire knight seems to speed up.
Okay, then. [a] - 286 gold - curing and magic [b] - 260 gold - resistance [c] - 754 gold - invisibility, might, haste and brilliance Purchase which effect?
You no longer have enough gold to petition Gozag for potion effects.
You fade into invisibility!
You feel very mighty all of a sudden.
You feel yourself speed up.
You feel clever all of a sudden. You block the juggernaut's attack.
The juggernaut hits you but does no damage.
The flayed ghost stares at you with tortured malice.
Terrible wounds spread across more of your body!
* * * LOW HITPOINT WARNING * * *
You barely miss the juggernaut.
Your tail-slap misses the juggernaut.
You slice the juggernaut!! You freeze the juggernaut.
You kill the juggernaut!
You slice the frost giant!! You freeze the frost giant.
You slice the frost giant!! You freeze the frost giant.
The frost giant hits you but does no damage.
You slice the frost giant!! You freeze the frost giant.
You slice the frost giant!! You freeze the frost giant.
The frost giant casts a spell at you. The bolt of cold hits you!!!
* * * LOW HITPOINT WARNING * * *
The bolt of cold hits you!!
You die...
Your body crumbles into a pile of gold.

Skill      XL: |  1  2  3  4  5  6  7  8  9 10 11 12 13 14 15 16 17 18 19 20 21 22 |
---------------+-------------------------------------------------------------------+-----
Axes           | 2 3 4 5 6 8 10 11 12 14 15 18 | 18.0
Armour         | 4 6 8 10 11 14 16 19 22 24 | 24.5
Fighting       | 3 4 5 7 8 9 10 11 13 14 16 17 18 19 | 19.3
Shields        | 4 5 6 8 9 11 12 14 15 16 17 | 17.2
Evocations     | 2 4 5 6 8 11 13 | 13.0
Dodging        | 1 3 5 |  5.0

Action                     |  1- 3 |  4- 6 |  7- 9 | 10-12 | 13-15 | 16-18 | 19-21 | 22-24 || total
---------------------------+-------+-------+-------+-------+-------+-------+-------+-------++-------
  Melee: War axe           |    82 |   106 |   185 |   543 |   365 |       |       |       ||  1281
         Tailslap          |     6 |    12 |    30 |    99 |   127 |   202 |   305 |    78 ||   859
         Broad axe         |       |       |       |       |   223 |  1081 |  1405 |   393 ||  3102
  Throw: Boomerang         |       |       |       |       |       |     2 |       |       ||     2
 Invoke: Potion Petition   |       |       |     1 |       |       |     2 |     1 |     1 ||     5
         Call Merchant     |       |       |       |       |     3 |     3 |       |     2 ||     8
  Evoke: Wand              |       |       |       |       |       |     1 |       |       ||     1
         Box of beasts     |       |       |       |       |       |     1 |       |       ||     1
    Use: Potion            |       |     4 |     1 |     2 |     1 |     5 |     6 |       ||    19
         Scroll            |       |       |    12 |    13 |    12 |     9 |     3 |     2 ||    51
   Stab: Distracted        |       |       |       |     3 |     8 |     9 |    14 |     3 ||    37
         Petrified         |       |       |       |       |     8 |       |       |       ||     8
         Sleeping          |       |       |       |       |       |       |     7 |       ||     7
 Armour: Scale mail        |    46 |    48 |       |       |       |       |       |       ||    94
         Chain mail        |       |    21 |   141 |   368 |   300 |   610 |   321 |       ||  1761
         Shadow dragon sca |       |       |       |       |       |       |   401 |   113 ||   514
         Crystal plate arm |       |       |       |       |       |       |       |   104 ||   104
  Dodge: Dodged            |    28 |    39 |    39 |   119 |   139 |   148 |   250 |    47 ||   809
  Block: Buckler           |    14 |    21 |    55 |   153 |   103 |       |       |       ||   346
         Kite shield       |       |       |       |       |   149 |   595 |   667 |   189 ||  1600
         Reflection        |       |       |       |       |     1 |    65 |    57 |    11 ||   134

Levels and vault maps discovered:
D:1:      minmay_arrival_up_and_down, layout_basic, shapermc_ecumenical_altar_gd
D:2:      layout_rooms, dreamdust_mushroom_princess, uniq_sigmund, uniq_terence
D:3:      layout_basic, mainiacjoe_overflow_surrounded_room,
          mainiacjoe_overflow_boulevard, serial_curves, eino_curves_04,
          eino_curves_01, eino_curves_02
D:4:      layout_cave_pools, serial_bayou_ford_a, uniq_pikel
D:5:      layout_cave_pools, nicolae_overflow_crystal_walls,
          grunt_qazlal_sundering, temple_hall
D:6:      layout_basic, fedhas_ov_isle_minmay, lemuel_doored_altar,
          enter_ossuary_1, nrook_mini_backslash, minmay_shop_damaged,
          hangedman_decor_slide_cut, uniq_grinder
D:7:      layout_cave_pools, enter_bailey_5, nicolae_eternal_life
D:8:      layout_cave_pools, uniq_maggie, uniq_psyche
D:9:      layout_gridville, mainiacjoe_overflow_brackets, dpeg_lair_monsters,
          minmay_fractal_squares_gapless_7, uniq_grum, uniq_gastronok
D:10:     layout_cave_pools, nzn_wu_jian_contemplation,
          nicolae_ru_path_of_blood, st_stairs_1
D:11:     layout_stronghold, orc_0_dummy, uniq_josephine
D:12:     layout_roguey [special_room_orc]
D:13:     layout_cave_pools, david_vaults_1, minmay_rotating_lava
D:14:     layout_irregular_city, chequers_garden, minmay_misc_feat_nine_boxes,
          uniq_lodul
D:15:     grunt_enter_depths_magical_seal, layout_basic,
          kiku_gazebo_garden_becter, portal_ice_cave_entry_pillars_1,
          nicolae_trove_entry_diagonal, led_xom_imps
Temple:   dshaligram_water_room_temple
Lair:1:   layout_cave_pods, minivault_19
Lair:2:   layout_chaotic_city, minmay_shoals_entry_lonely_mermaid,
          dummy_snake_entry, uniq_erica
Lair:3:   layout_regular_city, beast_lair_carwin_4, uniq_nergalle
Lair:4:   layout_cave_pods, serial_bayou_shore_b, uniq_snorg
Lair:5:   evilmike_catoblepas_cave, layout_regular_city, slime_entry_2,
          chequers_serial_rivers_micro_b, lookout_lair_type
Shoals:1: layout_shoals, nicolae_shoals_lost_giant_hut
Shoals:2: layout_shoals, uniq_polyphemus
Shoals:3: layout_shoals, uniq_roxanne, uniq_ilsuiw, uniq_donald
Shoals:4: shoals_end_simple, layout_shoals, serial_shops, shop_fountains,
          nicolae_shop_waterfront, shop, shop_coins, shop, uniq_mara
Snake:1:  nicolae_snake_attic_fulla_snakes, layout_layer_cave, st_stairs_3,
          nicolae_shop_gadgets
Snake:2:  layout_layer_cave, uniq_mlioglotl
Snake:3:  layout_onion, ebering_ghost_inner_flame
Snake:4:  grunt_snake_rune_pools, layout_cave_town, uniq_aizul
Orc:1:    layout_diamond_mine, gammafunk_ghost_abyssal_escape,
          minmay_orc_barracks, uniq_sonja, uniq_fannar, uniq_erolcha,
          uniq_harold
Orc:2:    st_orc_town, layout_caves, nicolae_volcano_entry_vermiform,
          nicolae_orc_stony_grotto
Elf:1:    minmay_elf_arrival_plus, layout_geoelf_diagonals,
          gammafunk_ghost_tricky_traps, minmay_elf_crystal_heptagon,
          item_on_display_a
Elf:2:    nicolae_elf_blades_splatter_lattice [mumra_blade_entry_bloodbath],
          layout_geoelf_diagonals
Elf:3:    grunt_elf_hall_branching, layout_loops_cross, serial_shops,
          nicolae_shop_behind_doors, elf_orc_summit_meeting
Vaults:1: v_rooms_2, v_alt_pattern_1, vaults_dpeg_doors,
          nicolae_vaults_alarming, ontoclasm_vaults_ring_square,
          ontoclasm_vaults_loading_screen, door_vault, layout_vaults_big_room
Vaults:2: ontoclasm_vaults_pinch, ontoclasm_vaults_ring_large,
          nicolae_vaults_little_squares_4, v_misc_9,
          minmay_crypt_entry_simple_corners, ontoclasm_vaults_water_temple,
          v_alt_pattern_6, vaults_room_pools, v_pattern_2,
          layout_vaults_maze_snakey, serial_shops, nicolae_shop_crystal
Vaults:3: ontoclasm_vaults_ring_small, v_rooms_3, nicolae_vaults_circle_grid_a,
          vaults_room_fancy_cross, vaults_mumra_hex, vaults_room_stairs_pillars,
          layout_vaults_omnigrid, serial_shops, nicolae_shop_behind_doors
Vaults:4: gammafunk_ghost_split, ontoclasm_vaults_tryst, v_misc_12,
          vaults_room_fours, v_misc_30, nicolae_vaults_ring_of_whatevers,
          kb_rosetta, ontoclasm_vaults_claustrophobia,
          nicolae_vaults_ninety_degrees, v_misc_15, ontoclasm_vaults_spin,
          layout_vaults_big_cross, uniq_mennas, uniq_frederick
Depths:1: layout_cave_pools, enter_ziggurat_d, pf_hell_entry_tar_river,
          minmay_misc_feat_roman, serial_shops, shop, minmay_statues_item,
          st_stairs_13, nicolae_lava_and_water, serial_bayou_shore_b
Depths:2: minmay_the_grid_plus_closed [minmay_the_grid_outer_circle,
          minmay_the_grid_fan, minmay_the_grid_tri_star,
          minmay_the_grid_zigzag_pyramid,
          minmay_the_grid_prize_four_corners_diamond_b], layout_gridville,
          hell_entry, pan_entry, hangedman_decor_peaks_small,
          nicolae_sif_muna_little_library, uniq_sojobo

Notes
Turn   | Place    | Note
-------+----------+-------------------------------------------
     0 | D:1      | Sobieck the Armataur Fighter began the quest for the Orb.
     0 | D:1      | Reached XP level 1. HP: 19/19 MP: 1/1
   115 | D:1      | Found a faded altar of an unknown god.
   270 | D:1      | Reached XP level 2. HP: 22/26 MP: 2/2
   661 | D:1      | Reached skill level 2 in Axes
   668 | D:1      | Reached skill level 4 in Armour
  1021 | D:2      | Reached XP level 3. HP: 30/32 MP: 3/3
  1028 | D:2      | Reached skill level 3 in Fighting
  1057 | D:2      | You pick up a book of the Hunter and begin reading...
  1057 | D:2      | You add the spells Call Canine Familiar, Portal Projectile
                  | and Leda's Liquefaction to your library.
  1102 | D:2      | Reached XP level 4. HP: 35/40 MP: 4/4
  1249 | D:2      | You add the spells Vhi's Electric Charge, Arcjolt and
                  | Maxwell's Capacitive Coupling to your library.
  1285 | D:2      | Noticed Sigmund
  1286 | D:2      | Noticed Terence
  1307 | D:2      | Gained mutation: Your natural rate of healing is unusually
                  | fast. [potion of mutation]
  1307 | D:2      | Gained mutation: You are clumsy. (Dex -2) [potion of
                  | mutation]
  1307 | D:2      | Gained mutation: You are robust. (+10% HP) [potion of
                  | mutation]
  1307 | D:2      | Gained mutation: Your spells are a little harder to cast,
                  | but a little more powerful. [potion of mutation]
  1307 | D:2      | Gained mutation: You have sharp fingernails. [potion of
                  | mutation]
  1361 | D:1      | Killed Terence
  1362 | D:1      | Reached skill level 4 in Shields
  1383 | D:2      | Killed Sigmund
  1384 | D:2      | Reached skill level 3 in Axes
  1384 | D:2      | Reached XP level 5. HP: 36/52 MP: 5/5
  1384 | D:2      | Reached XP level 6. HP: 41/59 MP: 6/6
  1651 | D:3      | Found a hazy altar of Hepliaklqana.
  2076 | D:3      | Found a burning altar of Makhleb.
  2428 | D:3      | Reached skill level 5 in Armour
  2436 | D:4      | HP: 9/60 [ogre/+0 giant spiked club (16)]
  2538 | D:4      | Reached skill level 4 in Axes
  2622 | D:4      | Noticed Pikel
  2640 | D:3      | Reached skill level 4 in Fighting
  2647 | D:4      | Killed Pikel
  2648 | D:4      | Reached skill level 6 in Armour
  2648 | D:4      | Reached skill level 5 in Shields
  2648 | D:4      | Reached XP level 7. HP: 60/70 MP: 7/7
  2674 | D:4      | Reached skill level 5 in Axes
  2691 | D:4      | Identified the +4 chain mail "Peniop" {Will+ Dex+3}
  2782 | D:4      | Reached XP level 8. HP: 78/78 MP: 8/8
  2982 | D:5      | Entered Level 5 of the Dungeon
  3131 | D:5      | Noticed a troll
  3139 | D:5      | Killed a troll
  3140 | D:5      | Reached skill level 6 in Shields
  3209 | D:5      | Reached skill level 5 in Fighting
  3212 | D:5      | Found a staircase to the Ecumenical Temple.
  3221 | Temple   | Entered the Ecumenical Temple
  3320 | Temple   | Became a worshipper of Gozag Ym Sagoz the Greedy
  3435 | D:5      | Found a stormy altar of Qazlal.
  3480 | D:5      | Found a bloodstained altar of Trog.
  3583 | D:6      | Found a sand-covered staircase.
  3590 | Ossuary  | Entered an ossuary
  3751 | Ossuary  | Reached skill level 6 in Axes
  3951 | D:6      | Found Dasmokhlu's Lightly-Used Armoury.
  3976 | D:6      | Bought a -2 barding for 130 gold pieces
  3986 | D:6      | Found a blossoming altar of Fedhas.
  4109 | D:6      | Reached XP level 9. HP: 81/87 MP: 9/9
  4168 | D:6      | Reached skill level 7 in Shields
  4247 | D:6      | Reached skill level 7 in Axes
  4406 | D:6      | Noticed Grinder
  4416 | D:6      | Killed Grinder
  4417 | D:6      | Reached skill level 6 in Fighting
  4608 | D:6      | Found a shimmering altar of Xom.
  4737 | D:7      | Identified the +0 cloak of Misanthropy {Int+3 Dex+4}
  4754 | D:7      | Found a flagged portal.
  4774 | Bailey   | Entered a bailey
  4788 | Bailey   | Reached skill level 8 in Axes
  4788 | Bailey   | Reached skill level 8 in Shields
  4968 | Bailey   | Noticed an orc knight
  4977 | Bailey   | Reached skill level 7 in Fighting
  4981 | Bailey   | Killed an orc knight
  4982 | Bailey   | Reached XP level 10. HP: 82/100 MP: 10/10
  4988 | Bailey   | Reached skill level 9 in Axes
  5177 | D:7      | You add the spells Ignite Poison, Sticky Flame and Ignition
                  | to your library.
  5986 | D:8      | Noticed Psyche
  5997 | D:8      | Killed Psyche
  5998 | D:8      | Reached skill level 10 in Axes
  6080 | D:8      | Noticed Maggie
  6086 | D:8      | Killed Maggie
  6087 | D:8      | Reached skill level 1 in Evocations
  6269 | D:9      | Noticed a death yak
  6285 | D:8      | Killed a death yak
  6286 | D:8      | Reached skill level 1 in Dodging
  6310 | D:9      | Noticed a death yak
  6315 | D:9      | Noticed a death yak
  6324 | D:8      | Killed a death yak
  6325 | D:8      | Reached skill level 2 in Evocations
  6344 | D:8      | Killed a death yak
  6345 | D:8      | Reached XP level 11. HP: 88/107 MP: 11/11
  6386 | D:9      | Found a staircase to the Lair.
  6427 | D:9      | Reached skill level 2 in Dodging
  6449 | D:9      | Reached skill level 7 in Armour
  6500 | D:9      | Noticed Grum
  6525 | D:9      | Killed Grum
  6619 | D:9      | Reached skill level 3 in Evocations
  6644 | D:9      | Reached skill level 9 in Shields
  6662 | D:9      | Noticed a two-headed ogre
  6669 | D:9      | Killed a two-headed ogre
  6778 | D:9      | Found a hide-covered altar of Uskayaw.
  6957 | D:9      | Noticed a death knight
  6979 | D:9      | Killed a death knight
  7055 | D:9      | Noticed Gastronok
  7060 | D:9      | Noticed a brown ugly thing
  7074 | D:9      | Killed a brown ugly thing
  7075 | D:9      | Reached skill level 8 in Fighting
  7080 | D:9      | Reached skill level 3 in Dodging
  7118 | D:8      | Reached skill level 4 in Evocations
  7170 | D:9      | Killed Gastronok
  7171 | D:9      | Reached skill level 8 in Armour
  7252 | D:9      | You pick up a book of Lightning and begin reading...
  7252 | D:9      | You add the spells Static Discharge and Plasma Beam to your
                  | library.
  7371 | D:9      | Noticed a two-headed ogre
  7379 | D:9      | Killed a two-headed ogre
  7450 | D:10     | Entered Level 10 of the Dungeon
  7626 | D:10     | Found a sacrificial altar of Ru.
  7670 | D:10     | Identified the +6 flail "Etiunyez" {heavy, SInv}
  7695 | D:10     | Found an ornate altar of the Wu Jian Council.
  7788 | D:10     | Noticed a two-headed ogre
  7795 | D:10     | Killed a two-headed ogre
  7796 | D:10     | Reached XP level 12. HP: 87/120 MP: 12/12
  8203 | D:11     | Reached skill level 5 in Evocations
  8407 | D:11     | Noticed Josephine
  8417 | D:11     | Killed Josephine
  8418 | D:11     | Reached skill level 10 in Shields
  8428 | D:11     | Reached skill level 4 in Dodging
  8619 | D:11     | Found a staircase to the Orcish Mines.
  8707 | D:11     | Reached skill level 11 in Axes
  8707 | D:11     | Reached skill level 9 in Armour
  9172 | D:12     | Reached skill level 9 in Fighting
  9638 | D:12     | Reached skill level 10 in Armour
  9673 | D:12     | Reached skill level 5 in Dodging
  9893 | D:12     | You fall into a shaft and drop 2 floors!
  9953 | D:13     | Noticed a boulder beetle
  9971 | D:13     | Killed a boulder beetle
 10116 | D:13     | Reached skill level 11 in Shields
 10119 | D:13     | Reached XP level 13. HP: 116/129 MP: 13/13
 10139 | D:13     | Found a gate to the Vaults.
 10576 | Orc:1    | Entered Level 1 of the Orcish Mines
 10703 | Orc:1    | Noticed Erolcha
 10714 | Orc:1    | Killed Erolcha
 10732 | Orc:1    | Found a transporter.
 10740 | Orc:1    | Noticed an orc warlord
 10896 | Orc:1    | Found a one-way gate to the infinite horrors of the Abyss.
 10896 | Orc:1    | Noticed holysushi's ghost (journeyman FeAr)
 10912 | Orc:1    | Noticed Fannar
 10929 | Orc:1    | Killed Fannar
 11029 | Orc:1    | Noticed Sonja
 11048 | Orc:1    | Killed Sonja
 11049 | Orc:1    | Reached skill level 10 in Fighting
 11049 | Orc:1    | Reached skill level 11 in Armour
 11152 | Orc:1    | Noticed Harold
 11164 | Orc:1    | Killed Harold
 11290 | Orc:1    | Found a transporter.
 11425 | Orc:2    | Entered Level 2 of the Orcish Mines
 11644 | Orc:2    | Found a staircase to the Elven Halls.
 11758 | Orc:2    | Reached skill level 12 in Axes
 11889 | Orc:2    | Found Idom Tuf's Antique Armour Shoppe.
 11903 | Orc:2    | HP: 24/126 [orc warrior/+1 dire flail of draining (23)]
 11904 | Orc:2    | Reached skill level 12 in Shields
 12053 | Orc:2    | Found Opliokoy's Book Boutique.
 12177 | Orc:2    | Reached skill level 6 in Evocations
 12346 | Orc:2    | Found Tineunad's Book Shoppe.
 12361 | Orc:2    | HP: 27/128 [orc warrior/+0 mace (18)]
 12362 | Orc:2    | HP: 4/128 [orc knight/+3 halberd (25)]
 12587 | Orc:2    | Found Gosh's Antique Weapon Boutique.
 12917 | Orc:2    | Bought a shiny barding for 520 gold pieces
 12917 | Orc:2    | Bought a shiny plate armour for 520 gold pieces
 13105 | Lair:1   | Entered Level 1 of the Lair of Beasts
 13172 | Lair:1   | Bought a +0 kite shield of reflection for 110 gold pieces
 14109 | Lair:2   | Reached XP level 14. HP: 128/142 MP: 14/14
 14150 | Lair:2   | Reached skill level 7 in Evocations
 14414 | Lair:2   | Reached skill level 11 in Fighting
 14437 | Lair:2   | You pick up a book of Death and begin reading...
 14437 | Lair:2   | You add the spells Haunt and Infestation to your library.
 14450 | Lair:2   | Found a staircase to the Snake Pit.
 14457 | Lair:2   | Noticed Erica
 14463 | Lair:2   | Killed Erica
 14558 | Lair:2   | Found a staircase to the Shoals.
 14794 | Lair:3   | Noticed Nergalle
 14802 | Lair:3   | Killed Nergalle
 14928 | Lair:3   | You pick up a book of Callings and begin reading...
 14928 | Lair:3   | You add the spells Summon Small Mammal and Summon Guardian
                  | Golem to your library.
 14968 | Lair:3   | Reached skill level 8 in Evocations
 15164 | Lair:3   | Reached skill level 13 in Axes
 15480 | Lair:3   | You pick up a book of Dangerous Friends and begin
                  | reading...
 15480 | Lair:3   | You add the spells Orb of Destruction and Spellforged
                  | Servitor to your library.
 15941 | Lair:4   | Noticed Snorg
 15947 | Lair:4   | Killed Snorg
 16034 | Lair:4   | Identified a potion of experience
 16035 | Lair:4   | Reached skill level 14 in Axes
 16035 | Lair:4   | Reached XP level 15. HP: 154/154 MP: 15/15
 16035 | Lair:4   | Reached XP level 16. HP: 162/162 MP: 16/16
 16625 | Lair:5   | Entered Level 5 of the Lair of Beasts
 16635 | Lair:4   | Reached skill level 12 in Fighting
 16907 | Lair:5   | Reached skill level 15 in Axes
 17551 | Lair:5   | Found a runed translucent door.
 17552 | Lair:5   | Found a viscous altar of Jiyva.
 17552 | Lair:5   | Found a staircase to the Slime Pits.
 17552 | Lair:5   | Noticed an acid blob
 17553 | Lair:5   | Noticed an acid blob
 18137 | D:13     | Reached skill level 13 in Fighting
 18335 | D:13     | Reached XP level 17. HP: 156/174 MP: 17/17
 18373 | D:13     | Reached skill level 16 in Axes
 18673 | D:14     | Noticed Lodul
 18683 | D:14     | Killed Lodul
 19231 | D:15     | Entered Level 15 of the Dungeon
 19231 | D:15     | Found a frozen archway.
 19239 | IceCv    | Entered an ice cave
 19380 | IceCv    | HP: 39/174 [white very ugly thing (11)]
 19546 | IceCv    | Found an ancient bone altar of Kikubaaqudgha.
 19616 | IceCv    | Reached skill level 17 in Axes
 19656 | IceCv    | You pick up a book of Ice and begin reading...
 19656 | IceCv    | You add the spells Freezing Cloud and Polar Vortex to your
                  | library.
 19676 | IceCv    | Noticed a lich
 19695 | IceCv    | Killed a lich
 19757 | IceCv    | Identified the ring "Pesyup" {rN+ Dex+3}
 19770 | IceCv    | u - a +2 executioner's axe of freezing {axerare=g}
 20180 | D:15     | Found an ancient bone altar of Kikubaaqudgha.
 20286 | D:15     | Found a shimmering altar of Xom.
 20681 | D:15     | Reached skill level 18 in Axes
 20802 | D:15     | Found a portal to a secret trove of treasure.
 21197 | D:15     | Found a staircase to the Depths.
 21700 | Snake:1  | Entered Level 1 of the Snake Pit
 21798 | Snake:1  | Bought the ring of Finality {rF+ Will+ Str+2 Dex-3} for 355
                  | gold pieces
 21798 | Snake:1  | Bought the amulet of Vitality {RegenMP++ Regen++} for 1000
                  | gold pieces
 21798 | Snake:1  | Found the amulet of Vitality {RegenMP++ Regen++}
 21798 | Snake:1  | You drop a +2 executioner's axe of freezing {axerare=g}.
 21814 | Snake:1  | an amulet of regeneration {@e2}; a +2 executioner's axe of
                  | freezing {axerare=g}
 21814 | Snake:1  | an amulet of regeneration {@e2}; a +2 executioner's axe of
                  | freezing {axerare=g}
 21814 | Snake:1  | Could not pick up a +2 executioner's axe of freezing
                  | {axerare=g} here; ([A]lways) ignore it?
 21822 | Snake:1  | an amulet of regeneration {@e2}; a +2 executioner's axe of
                  | freezing {axerare}
 22348 | Snake:1  | Reached XP level 18. HP: 183/184 MP: 18/18
 22428 | Snake:1  | Identified the +8 trident of the Meager God {speed, Drain
                  | Int+6 SInv Stlth+}
 22592 | Snake:1  | Reached skill level 9 in Evocations
 22594 | Snake:1  | Found Hiehoa's Gadget Gallery.
 22612 | Snake:1  | Bought a box of beasts for 440 gold pieces
 22632 | Snake:1  | Reached skill level 12 in Armour
 23385 | Snake:2  | Noticed Mlioglotl
 23412 | Snake:2  | Killed Mlioglotl
 23534 | Snake:2  | Reached skill level 13 in Shields
 24366 | Snake:3  | Reached skill level 14 in Fighting
 24366 | Snake:3  | Reached skill level 10 in Evocations
 24369 | Snake:3  | Reached skill level 13 in Armour
 24686 | Snake:3  | You pick up a book of the Tundra and begin reading...
 24686 | Snake:3  | You add the spells Hailstorm and Ice Form to your library.
 24741 | Snake:3  | Found a runed translucent door.
 24751 | Snake:3  | Noticed patfeehan111222's ghost (adept MiBe)
 24868 | Snake:4  | Entered Level 4 of the Snake Pit
 24870 | Snake:4  | Noticed Aizul
 24888 | Snake:4  | Killed Aizul
 25563 | Snake:4  | Reached skill level 14 in Shields
 25768 | Snake:4  | Reached skill level 14 in Armour
 25768 | Snake:4  | Reached skill level 11 in Evocations
 25815 | Snake:4  | Got a serpentine rune of Zot
 25962 | Shoals:1 | Entered Level 1 of the Shoals
 26535 | Shoals:1 | Reached XP level 19. HP: 177/196 MP: 19/19
 26764 | Shoals:2 | Noticed Polyphemus
 26791 | Shoals:2 | Killed Polyphemus
 27256 | Shoals:3 | Noticed Ilsuiw
 27301 | Shoals:3 | Killed Ilsuiw
 27309 | Shoals:3 | HP: 41/197 [water nymph/the raging water (22)]
 27324 | Shoals:2 | HP: 49/197 [poisoned by a merfolk]
 27554 | Shoals:3 | Noticed Donald
 27574 | Shoals:3 | Killed Donald
 27575 | Shoals:3 | Reached skill level 15 in Fighting
 27576 | Shoals:3 | a +0 heavy double sword {longrare=g}; a +2 plate armour of
                  | fire resistance; a +0 kite shield of reflection
 27580 | Shoals:3 | a +0 heavy double sword {longrare=g}; a +2 plate armour of
                  | fire resistance; a +0 kite shield of reflection
 27605 | Shoals:3 | a +0 heavy double sword {longrare=g}; a +2 plate armour of
                  | fire resistance; a +0 kite shield of reflection
 27605 | Shoals:3 | a +0 heavy double sword {longrare=g}; a +2 plate armour of
                  | fire resistance; a +0 kite shield of reflection
 27605 | Shoals:3 | Could not pick up a +0 heavy double sword {longrare=g}
                  | here; ([A]lways) ignore it?
 27801 | Shoals:3 | Reached skill level 15 in Shields
 27830 | Shoals:3 | Identified Roxanne's Compendium of Metamorphosis
 27830 | Shoals:3 | Noticed Roxanne
 28143 | Shoals:3 | Killed Roxanne
 28145 | Shoals:3 | You add the spells Sting, Spider Form, Petrify, Yara's
                  | Violent Unravelling and Statue Form to your library.
 28209 | Shoals:4 | Entered Level 4 of the Shoals
 28376 | Shoals:4 | Found Ahikol's Antique Armour Boutique.
 28392 | Shoals:4 | Found Loawk's Distillery.
 28394 | Shoals:4 | Found Pytetabagh's Weapon Shop.
 28407 | Shoals:4 | Reached skill level 15 in Armour
 28450 | Shoals:4 | Found Xouhywos's Distillery.
 28502 | Shoals:4 | Reached skill level 12 in Evocations
 28517 | Shoals:4 | You pick up a book of Power and begin reading...
 28517 | Shoals:4 | You add the spells Iskenderun's Battlesphere and Iron Shot
                  | to your library.
 28650 | Shoals:4 | Could not pick up a +1 eveningstar of protection
                  | {macerare=g} here; ([A]lways) ignore it?
 28784 | Shoals:4 | Noticed Mara
 28869 | Shoals:4 | Identified a +2 robe of the Archmagi
 28920 | Shoals:4 | HP: 47/198 [merfolk impaler/+6 trident of venom (5)]
 28997 | Shoals:4 | Noticed Sobieck's illusion
 29095 | Shoals:4 | Found Pickuamm's Antique Armour Emporium.
 29152 | Shoals:4 | Noticed Sobieck's illusion
 29163 | Shoals:4 | Killed Mara
 29244 | Shoals:4 | Got a barnacled rune of Zot
 29743 | Vaults:1 | Entered Level 1 of the Vaults
 29845 | Vaults:1 | Found a huge runed gate.
 29845 | Vaults:1 | Found a huge runed gate.
 29846 | Vaults:1 | Found a huge runed gate.
 29846 | Vaults:1 | Found a huge runed gate.
 29846 | Vaults:1 | Found a huge runed gate.
 29846 | Vaults:1 | Found a huge runed gate.
 29846 | Vaults:1 | Found a huge runed gate.
 29846 | Vaults:1 | Found a huge runed gate.
 29846 | Vaults:1 | Found a huge runed gate.
 29850 | Vaults:1 | Found a huge runed gate.
 29884 | Vaults:1 | Reached skill level 16 in Armour
 29891 | Vaults:1 | Reached skill level 13 in Evocations
 29899 | Vaults:1 | Identified the +3 falchion of the Establishment {freeze,
                  | rElec rF+ rCorr Stlth+}
 30091 | Vaults:1 | Reached skill level 16 in Fighting
 30091 | Vaults:1 | Reached XP level 20. HP: 161/210 MP: 20/20
 30805 | Vaults:1 | Identified +0 gold dragon scales
 30890 | Vaults:2 | Reached skill level 17 in Armour
 30895 | Vaults:2 | Identified the +1 battleaxe of a sewer {drain, rPois}
 31188 | Shoals:4 | Bought warped shadow dragon scales for 2805 gold pieces
 31188 | Shoals:4 | Identified the +6 shadow dragon scales of Cethoidu {rElec
                  | Stlth++++} (You bought it in a shop on level 4 of the
                  | Shoals)
 31189 | Shoals:4 | m - the +6 shadow dragon scales of Cethoidu {rElec
                  | Stlth++++, rare}
 31200 | Shoals:4 | You finish putting on the +6 shadow dragon scales of
                  | Cethoidu {rElec Stlth++++, rare}.
 31448 | Vaults:2 | You pick up a book of Cantrips and begin reading...
 31448 | Vaults:2 | You add the spells Necrotise and Apportation to your
                  | library.
 31614 | Vaults:2 | Found a staircase to the Crypt.
 31744 | Vaults:2 | Paralysed by a great orb of eyes for 4 turns
 31795 | Vaults:2 | Identified the +7 rapier of Exquisite Death {flame, rCorr}
 31815 | Vaults:2 | Found Ring's Magic Scroll Shoppe.
 32440 | Vaults:2 | Bought a scroll of acquirement for 728 gold pieces
 32440 | Vaults:2 | Acquired 676 gold pieces
 32526 | Vaults:3 | Reached skill level 18 in Armour
 32529 | Vaults:3 | Reached skill level 17 in Fighting
 32601 | Vaults:3 | You pick up a book of the Moon and begin reading...
 32601 | Vaults:3 | You add the spells Passage of Golubria, Silence and
                  | Lehudib's Crystal Spear to your library.
 33009 | Vaults:3 | Found Facyih's Magic Scroll Shoppe.
 33012 | Vaults:3 | Bought a scroll of acquirement for 728 gold pieces
 33012 | Vaults:3 | Acquired the +0 barding "Xodgha Yrri" {rF++ Stlth+}
 33222 | Vaults:3 | Reached skill level 19 in Armour
 34123 | Vaults:4 | Reached XP level 21. HP: 225/225 MP: 21/21
 34141 | Vaults:4 | Noticed Mennas
 34155 | Vaults:4 | Killed Mennas
 34156 | Vaults:4 | Reached skill level 18 in Fighting
 34397 | Vaults:4 | Noticed Konionua's ghost (adept KoEn)
 34398 | Vaults:4 | Found a runed translucent gate.
 34398 | Vaults:4 | Found a runed translucent gate.
 34398 | Vaults:4 | Found a runed translucent gate.
 34398 | Vaults:4 | Noticed an ancient lich
 34469 | Vaults:4 | Reached skill level 20 in Armour
 34550 | Vaults:4 | Noticed Frederick
 34563 | Vaults:4 | Killed Frederick
 34565 | Vaults:4 | a +5 heavy double sword {longrare=g}; a +0 plate armour
 34568 | Vaults:4 | a +5 heavy double sword {longrare=g}; a +0 plate armour
 34584 | Vaults:4 | a +5 heavy double sword {longrare=g}; a +0 plate armour
 34584 | Vaults:4 | a +5 heavy double sword {longrare=g}; a +0 plate armour
 34584 | Vaults:4 | Could not pick up a +5 heavy double sword {longrare=g}
                  | here; ([A]lways) ignore it?
 35057 | Vaults:4 | Reached skill level 21 in Armour
 35383 | Elf:1    | Entered Level 1 of the Elven Halls
 35384 | Elf:1    | Upgraded the game from 0.30-a0-920-g7493c07aab to
                  | 0.30-a0-924-g0ad0bf95bc
 36038 | Elf:1    | Found a runed translucent gate.
 36042 | Elf:1    | Found a runed translucent gate.
 36043 | Elf:1    | Found a runed translucent gate.
 36043 | Elf:1    | Noticed DiggyJ's ghost (adept MiFi)
 36288 | Elf:1    | Killed DiggyJ's ghost
 36289 | Elf:1    | Reached skill level 22 in Armour
 36334 | Elf:1    | Identified the amulet of Zaucw {Reflect Rampage rF++ Dex+3
                  | SH+5}
 36335 | Elf:1    | Identified the +2 helmet of a Labyrinth {Will++}
 36580 | Elf:2    | Found a runed translucent gate.
 36580 | Elf:2    | Found a runed translucent gate.
 36612 | Elf:2    | Found a runed translucent gate.
 37588 | Elf:3    | Entered Level 3 of the Elven Halls
 37681 | Elf:3    | Identified a +2 crystal plate armour
 37693 | Elf:3    | Identified the +2 robe of Intuition {Will+ Dex+4}
 37953 | Elf:3    | i - a +3 triple sword of freezing {longrare=g}
 37954 | Elf:3    | You drop a +3 triple sword of freezing {longrare=g}.
 37955 | Elf:3    | i - a +2 crystal plate armour {rare=g}
 37988 | Elf:3    | Identified the staff of conjuration "Sewept" {rC+ rCorr
                  | Int+6}
 38083 | Elf:3    | Reached skill level 16 in Shields
 38120 | Elf:3    | Reached XP level 22. HP: 227/236 MP: 22/22
 38222 | Elf:3    | Identified the staff of cold "Effes Wuippa" {rC+ Int+2
                  | Dex+3}
 38245 | Elf:3    | Reached skill level 23 in Armour
 38278 | Elf:3    | Identified the staff of poison "Quddadod" {rPois Str+4}
 38313 | Elf:3    | Identified the +2 rapier "Qirghivu" {elec, Dex+2}
 38332 | Elf:3    | Could not pick up a +3 triple sword of freezing
                  | {longrare=g} and the Hermit's Pendant {Faith Invo=14 Evo=0
                  | MP+5} here; ([A]lways) ignore them?
 38773 | Elf:3    | Found Bypolu's Jewellery Shop.
 39023 | Elf:3    | Bought a potion of might for 44 gold pieces
 39023 | Elf:3    | Bought a potion of might for 44 gold pieces
 39030 | Elf:3    | You finish taking off the +6 shadow dragon scales of
                  | Cethoidu {rElec Stlth++++, rare}.
 39035 | Elf:3    | You finish putting on your +2 crystal plate armour
                  | {rare=g}.
 39035 | Elf:3    | your +2 crystal plate armour {rare=g} glows green for a
                  | moment.
 39036 | Elf:3    | your +3 crystal plate armour {rare=g} glows green for a
                  | moment.
 39037 | Elf:3    | You drop the +6 shadow dragon scales of Cethoidu {rElec
                  | Stlth++++, rare}.
 39257 | Depths:1 | Entered Level 1 of the Depths
 39319 | Depths:1 | Reached skill level 19 in Fighting
 39365 | Depths:1 | You pick up a book of Minor Magic and begin reading...
 39365 | Depths:1 | You add the spells Magic Dart, Call Imp and Mephitic Cloud
                  | to your library.
 39373 | Depths:1 | You pick up a book of Debilitation and begin reading...
 39373 | Depths:1 | You add the spells Slow, Vampiric Draining and Confusing
                  | Touch to your library.
 39537 | Depths:1 | Found Porhesiyfi's Book Emporium.
 39543 | Depths:1 | Reached skill level 24 in Armour
 39713 | Depths:1 | Found a one-way gateway to a ziggurat.
 39761 | Depths:1 | Reached skill level 17 in Shields
 39848 | Depths:1 | Found a gateway to Hell.
 40335 | Depths:2 | Identified the amulet of Tibem {Acrobat Fly Stlth+}
 40355 | Depths:2 | Found a one-way gate leading to the halls of Pandemonium.
 40395 | Depths:2 | Noticed a juggernaut
 40421 | Depths:2 | Noticed a golden dragon
 40427 | Depths:2 | HP: 53/241 [flayed ghost/flay_damage (16)]
 40429 | Depths:2 | Killed a juggernaut
 40433 | Depths:2 | HP: 4/241 [frost giant/bolt of cold (57)]
 40433 | Depths:2 | Killed from afar by a frost giant

Vanquished Creatures
  Mennas (Vaults:4)
  Mara (Shoals:4)
  A juggernaut (Depths:2)
  Frederick (Vaults:4)
  Mlioglotl (Snake:2)
  3 liches
  2 deep elf master archers (Elf:3)
  3 deep elf blademasters (Elf:3)
  3 sphinxes
  Polyphemus (Shoals:2)
  A kraken (Shoals:2)
  Gastronok (D:9)
  The ghost of DiggyJ the Fencer, an adept MiFi of Okawaru (Elf:1)
  Roxanne (Shoals:3)
  Donald (Shoals:3)
  2 tengu reavers
  Ilsuiw (Shoals:3)
  4 nagarajas (Snake:4)
  7 vault wardens
  A fire giant (Vaults:1)
  3 frost giants
  Aizul (Snake:4)
  8 deep elf sorcerers
  4 spectral caustic shrikes (Depths:1)
  2 deep elf elementalists
  11 ironbound preservers
  2 war gargoyles (Vaults:1)
  5 very ugly things
  6 stone giants
  7 deep elf demonologists (Elf:3)
  7 deep elf annihilators
  5 ironbound thunderhulks
  20 dire elephants
  3 spark wasps (D:15)
  Snorg (Lair:4)
  A fire dragon (Depths:1)
  3 ettins
  10 deep elf death magi
  11 merfolk impalers
  3 merfolk javelineers
  2 great orbs of eyes
  3 deep elf high priests (Elf:3)
  Josephine (D:11)
  16 yaktaur captains
  Erolcha (Orc:1)
  4 hydras
  An entropy weaver (Vaults:1)
  Fannar (Orc:1)
  Harold (Orc:1)
  A salamander tyrant (Depths:1)
  An ogre mage (D:15)
  3 vault guards (Vaults:3)
  An ice dragon (Depths:1)
  8 catoblepae
  2 merfolk aquamancers (Shoals:4)
  3 merfolk avatars
  Erica (Lair:2)
  8 ironbound frosthearts
  9 centaur warriors
  10 anacondas
  2 satyrs (Shoals:4)
  15 dancing weapons
  2 death knights
  2 orc high priests (Elf:3)
  7 two-headed ogres
  12 death yaks
  13 naga warriors
  2 boulder beetles
  A vampire mage (Vaults:2)
  11 shock serpents
  Nergalle (Lair:3)
  9 naga sharpshooters
  Sonja (Orc:1)
  4 salamander mystics
  9 hell knights (D:13)
  21 deep elf knights
  4 skysharks
  An iron troll (Elf:3)
  Lodul (D:14)
  10 skeletal warriors
  An orb spider (shapeshifter) (Vaults:1)
  32 deep trolls
  A glowing orange brain (shapeshifter) (Vaults:4)
  2 naga ritualists (Snake:1)
  26 sea snakes
  4 bog bodies (IceCv)
  7 wizards
  10 lindwurms
  21 deep elf archers
  An obsidian statue (IceCv)
  A phantasmal warrior (Vaults:1)
  18 ironbound convokers
  Pikel (D:4)
  17 orc knights
  9 harpies
  27 ugly things
  4 necromancers
  23 deep elf pyromancers
  22 deep elf zephyrmancers
  7 cyclopes
  6 mana vipers
  9 manticores
  2 orc sorcerers
  18 salamanders
  21 naga magi
  8 elephants
  4 water nymphs
  12 guardian serpents
  A black mamba (shapeshifter) (Elf:1)
  An unseen horror (shapeshifter) (Elf:3)
  48 black mambas
  7 merfolk sirens
  12 cane toads
  18 vault sentinels
  2 rime drakes
  Maggie (D:8)
  3 gargoyles
  Psyche (D:8)
  28 yaktaurs
  A torpor snail (Lair:3)
  3 ice devils (IceCv)
  An unseen horror (D:12)
  An efreet (D:15)
  3 kobold demonologists (D:14)
  6 komodo dragons
  18 freezing wraiths
  4 anaconda simulacra (IceCv)
  33 merfolk
  3 meliai (D:14)
  8 trolls
  A wolf spider simulacrum (D:15)
  A hornet (D:9)
  8 wind drakes
  Grinder (D:6)
  2 snapping turtles (Shoals:2)
  2 dream sheep (Shoals:3)
  20 blink frogs
  A meliai zombie (D:15)
  2 air elementals (Elf:3)
  4 shadows
  Sigmund (D:2)
  29 slime creatures
  8 wraiths
  61 yaks
  A vampire (D:9)
  4 wyverns
  7 basilisks
  16 water elementals
  8 vampire mosquitoes
  4 dire elephant simulacra (IceCv)
  A fire bat (shapeshifter) (D:14)
  A redback (Vaults:1)
  Grum (D:9)
  3 fire elementals
  2 steam dragons
  3 harpy simulacra (IceCv)
  A minotaur simulacrum (IceCv)
  34 nagas
  An acid dragon (D:10)
  2 hydra simulacra (IceCv)
  6 wargs (Orc:2)
  7 hell hounds (D:13)
  13 water moccasins
  3 alligator simulacra (IceCv)
  14 ogres
  2 ice beasts (D:6)
  46 orc warriors
  A sky beast (D:7)
  4 boggarts (D:15)
  A tengu (shapeshifter) (D:15)
  2 ettin simulacra (IceCv)
  19 wolves
  3 centaurs
  2 phantoms (D:6)
  6 kobold brigands
  10 bullfrogs
  2 deep troll simulacra (IceCv)
  3 scorpions
  2 gnoll sergeants
  6 wights
  3 killer bees (D:8)
  A lindwurm simulacrum (IceCv)
  2 electric eels (D:15)
  4 crimson imps (D:15)
  5 centaur zombies
  2 jellies
  16 orc priests
  A gnoll bouda (D:10)
  2 hounds
  2 iguanas
  Terence (D:1)
  8 orc wizards
  6 mummies (Ossuary)
  17 gnolls
  6 adders
  A white imp (D:5)
  An ufetubus (D:4)
  A worm (D:4)
  A dart slug (D:1)
  105 orcs
  5 ball pythons
  6 endoplasms
  3 giant cockroaches
  7 goblins
  8 hobgoblins
  9 bats
  8 frilled lizards
  2 hobgoblin zombies (Ossuary)
  12 kobolds
  2 rats
  4 tentacles (Shoals:2)
1505 creatures vanquished.

Vanquished Creatures (others)
  An ironbound preserver (Vaults:1)
  An ice dragon (Depths:1)
  2 merfolk aquamancers (Shoals:4)
  A deep elf knight (Elf:2)
  A deep elf zephyrmancer (Elf:2)
  A deep elf pyromancer (Elf:1)
  A boggart zombie (D:15)
  25 fungi
  56 plants
  4 withered plants (D:15)
93 creatures vanquished.

Grand Total: 1598 creatures vanquished

Table legend:
 A = Non-vault XP
 B = Vault XP
 C = Vault XP percentage of total XP
 D = Non-vault monster count
 E = Vault monster count
 F = Vault count percentage of total count
                 A         B        C        D         E       F
            +---------+---------+-------+---------+---------+-------
      Total |  367343 |  321630 |  46.7 |     908 |     599 |  39.7
            +---------+---------+-------+---------+---------+-------
        D:1 |      36 |      36 |  50.0 |      22 |       1 |   4.3
        D:2 |      93 |     226 |  70.8 |      20 |       1 |   4.8
        D:3 |     157 |       0 |   0.0 |      15 |       0 |   0.0
        D:4 |     290 |     607 |  67.7 |      16 |       1 |   5.9
        D:5 |     433 |       0 |   0.0 |       5 |       0 |   0.0
        D:6 |    1178 |     277 |  19.0 |      16 |       1 |   5.9
        D:7 |    1623 |       8 |   0.5 |      20 |       4 |  16.7
        D:8 |     898 |    3602 |  80.0 |      15 |       7 |  31.8
        D:9 |    2777 |    6093 |  68.7 |      19 |      16 |  45.7
       D:10 |    2229 |    1018 |  31.4 |      19 |       2 |   9.5
       D:11 |    5533 |    1512 |  21.5 |      20 |       4 |  16.7
       D:12 |    7894 |    1184 |  13.0 |      32 |      27 |  45.8
       D:13 |    6332 |    9888 |  61.0 |      12 |      20 |  62.5
       D:14 |    5026 |    1474 |  22.7 |      20 |       7 |  25.9
       D:15 |   22527 |    4123 |  15.5 |      49 |      13 |  21.0
     Lair:1 |    4220 |       0 |   0.0 |      22 |       0 |   0.0
     Lair:2 |    6837 |     831 |  10.8 |      21 |       1 |   4.5
     Lair:3 |   10525 |    1519 |  12.6 |      36 |       6 |  14.3
     Lair:4 |    4670 |     956 |  17.0 |      12 |       1 |   7.7
     Lair:5 |    6117 |   10854 |  64.0 |      17 |      23 |  57.5
   Shoals:1 |    4208 |       0 |   0.0 |       9 |       0 |   0.0
   Shoals:2 |   11773 |    4765 |  28.8 |      21 |       5 |  19.2
   Shoals:3 |   14634 |    9568 |  39.5 |      32 |      10 |  23.8
   Shoals:4 |    8878 |   20596 |  69.9 |      18 |      27 |  60.0
    Snake:1 |   24450 |   18509 |  43.1 |      50 |      29 |  36.7
    Snake:2 |   10029 |    3202 |  24.2 |      19 |       4 |  17.4
    Snake:3 |   12369 |       0 |   0.0 |      28 |       0 |   0.0
    Snake:4 |   10746 |   24005 |  69.1 |      25 |      38 |  60.3
      Orc:1 |    1552 |    4966 |  76.2 |       9 |      23 |  71.9
      Orc:2 |    2348 |    8079 |  77.5 |      25 |      56 |  69.1
      Elf:1 |   12428 |   17213 |  58.1 |      20 |      25 |  55.6
      Elf:2 |   28880 |    2778 |   8.8 |      42 |       3 |   6.7
      Elf:3 |   13233 |   51424 |  79.5 |      25 |      55 |  68.8
   Vaults:1 |   22714 |   22100 |  49.3 |      32 |      25 |  43.9
   Vaults:2 |   16740 |   13976 |  45.5 |      22 |      20 |  47.6
   Vaults:3 |   38905 |    9977 |  20.4 |      55 |      15 |  21.4
   Vaults:4 |   21731 |   28307 |  56.6 |      35 |      28 |  44.4
   Depths:1 |   18863 |    6617 |  26.0 |      30 |       6 |  16.7
   Depths:2 |    3467 |   10453 |  75.1 |       3 |       6 |  66.7
    Ossuary |       0 |     293 | 100.0 |       0 |      12 | 100.0
     Bailey |       0 |    1715 | 100.0 |       0 |      26 | 100.0
      IceCv |       0 |   18879 | 100.0 |       0 |      51 | 100.0
            +---------+---------+-------+---------+---------+-------

Illustrated notes

Table legend:
 A = Kills in this place as a percentage of kills in the entire game.
 B = Kills by you in this place as a percentage of kills by you in the entire game.
 C = Kills by friends in this place as a percentage of kills by friends in the entire game.
 D = Other kills in this place as a percentage of other kills in the entire game.
 E = Experience gained in this place as a percentage of experience gained in the entire game.
 F = Experience gained in this place divided by the number of levels of this place that you have seen.
                   A       B       C       D       E      F
               +-------+-------+-------+-------+-------+----------------------
         Total | 100.0 | 100.0 |   N/A | 100.0 | 100.0 | 16022.6
       Dungeon |  26.8 |  26.8 |   N/A |  16.7 |  12.6 | 5804.9
          Lair |   9.2 |   9.3 |   N/A |   0.0 |   6.8 | 9305.8
        Shoals |   8.1 |   8.1 |   N/A |  16.7 |  10.8 | 18605.5
     Snake Pit |  12.8 |  12.9 |   N/A |   0.0 |  15.0 | 25827.5
  Orcish Mines |   7.5 |   7.5 |   N/A |   0.0 |   2.5 | 8472.5
   Elven Halls |  11.3 |  11.2 |   N/A |  33.3 |  18.3 | 41985.3
        Vaults |  15.4 |  15.4 |   N/A |  16.7 |  25.3 | 43612.5
        Depths |   3.0 |   2.9 |   N/A |  16.7 |   5.7 | 19700.0
       Ossuary |   0.8 |   0.8 |   N/A |   0.0 |   0.0 | 293.0
        Bailey |   1.7 |   1.7 |   N/A |   0.0 |   0.2 | 1715.0
      Ice Cave |   3.4 |   3.4 |   N/A |   0.0 |   2.7 | 18879.0
               +-------+-------+-------+-------+-------+----------------------

Table legend: (Time is in decaauts)
 A = Elapsed time spent in this place.
 B = Non-inter-level travel time spent in this place.
 C = Inter-level travel time spent in this place.
 D = Time resting spent in this place.
 E = Time spent auto-exploring this place.
 F = Levels seen in this place.
 G = Mean time per level.
                   A        B        C        D        E       F      G
               +--------+--------+--------+--------+--------+-----+--------+
         Total |  39908 |  36331 |   3577 |   1741 |  24033 |  43 |  928.1 |
       Dungeon |  13636 |  12231 |   1405 |    592 |   8624 |  15 |  909.1 |
        Temple |    105 |    100 |      5 |      0 |     48 |   1 |  105.0 |
          Lair |   5157 |   4747 |    410 |    144 |   3721 |   5 | 1031.4 |
        Shoals |   3644 |   3329 |    315 |    303 |   1767 |   4 |  911.0 |
     Snake Pit |   4081 |   3957 |    124 |     52 |   2916 |   4 | 1020.2 |
  Orcish Mines |   2546 |   2235 |    311 |    202 |   1284 |   2 | 1273.0 |
   Elven Halls |   3194 |   2895 |    299 |    129 |   1579 |   3 | 1064.7 |
        Vaults |   5141 |   4474 |    667 |     70 |   3304 |   4 | 1285.2 |
        Depths |   1088 |   1050 |     38 |     53 |    618 |   2 |  544.0 |
       Ossuary |    266 |    266 |      0 |    100 |      0 |   1 |  266.0 |
        Bailey |    325 |    325 |      0 |      0 |     26 |   1 |  325.0 |
      Ice Cave |    718 |    718 |      0 |     95 |    146 |   1 |  718.0 |
               +--------+--------+--------+--------+--------+-----+--------+

Top non-repeatable levels by time:
    D:15: 1548 daAuts
 Snake:1: 1464 daAuts
Vaults:4: 1423 daAuts
   Orc:2: 1414 daAuts
   Elf:3: 1406 daAuts
    D:11: 1344 daAuts
Vaults:3: 1315 daAuts
Vaults:1: 1275 daAuts
  Lair:5: 1244 daAuts
     D:9: 1201 daAuts
    D:12: 1157 daAuts
 Snake:2: 1138 daAuts
   Orc:1: 1132 daAuts
Vaults:2: 1127 daAuts
Shoals:3: 1119 daAuts
